 Dungeon Crawl Stone Soup version 0.24.0-28-g17ded55e90 (webtiles) character file.

Game seed: 14546123350234618013, levelgen mode: deterministic

174 Curus the Chopper (level 5, -3/45 HPs)
             Began as a Minotaur Berserker on Nov 12, 2019.
             Was a Priest of Trog.
             Killed from afar by an orc wizard (10 damage)
             ... with a puff of flame
             ... on level 3 of the Dungeon.
             The game lasted 00:06:56 (2030 turns).

Curus the Chopper (Minotaur Berserker)              Turns: 2030, Time: 00:06:57

Health: -3/45      AC:  6    Str: 21    XL:     5   Next: 28%
Magic:  4/4        EV:  9    Int:  5    God:    Trog [***...]
Gold:   112        SH:  0    Dex: 10    Spells: 4/4 levels left

rFire    . . .     SeeInvis .   a - +0 hand axe
rCold    . . .     Gourm    .   o - +0 buckler
rNeg     . . .     Faith    .   f - +0 scale mail
rPois    .         Spirit   .   (helmet restricted)
rElec    .         Reflect  .   (no cloak)
rCorr    .         Harm     .   (no gloves)
MR       .....                  (no boots)
Stlth    ..........             (no amulet)
HPRegen  0.15/turn              (no ring)
MPRegen  0.09/turn              (no ring)

@: confused
A: retaliatory headbutt, horns 2
a: Berserk, Trog's Hand, Renounce Religion


You were on level 3 of the Dungeon.
You worshipped Trog.
Trog was most pleased with you.
You were not hungry.

You visited 1 branch of the dungeon, and saw 3 of its levels.

You collected 112 gold pieces.

Inventory:

Hand Weapons
 a - a +0 hand axe (weapon)
Armour
 b - a +1 animal skin
 e - a +0 leather armour
 f - a +0 scale mail (worn)
 o - a +0 buckler (worn)
Jewellery
 l - an uncursed ring of ice
Scrolls
 i - 2 scrolls of remove curse
 j - 3 scrolls of identify
 k - a scroll of teleportation
Potions
 d - 2 potions of agility
 g - 2 potions of resistance
 h - 2 potions of curing
 n - a potion of cancellation
Comestibles
 c - 6 rations


   Skills:
 - Level 3.6 Fighting
 + Level 7.3 Axes
 - Level 2.4 Armour
 - Level 2.1 Dodging


You had 4 spell levels left.
You didn't know any spells.
Your spell library was empty.

Dungeon Overview and Level Annotations

Branches:
Dungeon (3/15)

Altars:
Makhleb
Nemelex Xobeh
Okawaru
Sif Muna
Uskayaw
Xom


Innate Abilities, Weirdness & Mutations

You reflexively headbutt those who attack you in melee.
You have a pair of horns on your head.


Message History

The orc hits you but does no damage.
You hear some strange, mumbled words.
You are confused.
Things that are here:
a +0 dagger; a +0 robe; a dagger You miss something.
You barely miss the orc. The orc hits you with a +0 falchion.
* * * LOW HITPOINT WARNING * * *
Something hits you.
* * * LOW HITPOINT WARNING * * *
You bump into the rock wall.
The orc hits you with a +0 falchion.
* * * LOW HITPOINT WARNING * * *
Something hits you.
* * * LOW HITPOINT WARNING * * *
You bump into the rock wall.
The orc hits you with a +0 falchion.
* * * LOW HITPOINT WARNING * * *
You hear some strange, mumbled words.
A puff of flame appears from out of thin air!
The puff of flame hits you!
You die...

* ######## *
#.(((..# *
#######.####)#
*#**#.....#>####.#
,..##(.........#.#
*#........#.##.#.#
#
**###.....#.#*,#)#
###### *
#......#.#*,#@#
#..... *
##...###....o.#
#.###. * ##.##
####.###***** *,*
#. #.# #.,,,,,,,*
*,*##. #.#
#,******,* *,*#..
##'## *,**** *,*
#.*#.. * ##...##
*,,,,* *,* #.*#..
* ##.....## *,**,*
*,* #.##..
*##.>.....##
*,*,,* *,* #.....


You could see an orc.

Vanquished Creatures
  2 orc wizards (D:3)
  Robin (D:2)
  2 adders (D:3)
  An ooze (D:2)
  A worm (D:2)
  3 leopard geckos
  2 orcs (D:3)
  3 giant cockroaches (D:1)
  11 goblins
  11 hobgoblins
  16 jackals
  A quokka (D:2)
  A ball python (D:2)
  10 bats
  A frilled lizard (D:2)
  4 kobolds
  12 rats
82 creatures vanquished.

Notes
Turn   | Place    | Note
-------+----------+-------------------------------------------
     0 | D:1      | Curus the Minotaur Berserker began the quest for the Orb.
     0 | D:1      | Reached XP level 1. HP: 19/19 MP: 0/0
    22 | D:1      | Reached skill level 4 in Axes
   174 | D:1      | Reached XP level 2. HP: 19/26 MP: 1/1
   377 | D:1      | Reached ** piety under Trog
   377 | D:1      | Reached skill level 5 in Axes
   501 | D:1      | Reached XP level 3. HP: 30/31 MP: 2/2
   722 | D:2      | Found a sparkling altar of Nemelex Xobeh.
   766 | D:2      | Found a hide-covered altar of Uskayaw.
   774 | D:2      | Noticed Robin
   787 | D:2      | Killed Robin
   787 | D:2      | Reached XP level 4. HP: 12/39 MP: 3/3
   787 | D:2      | Reached skill level 6 in Axes
  1247 | D:2      | Found a burning altar of Makhleb.
  1247 | D:2      | Found a shimmering altar of Xom.
  1603 | D:3      | Found a shimmering blue altar of Sif Muna.
  1629 | D:3      | Reached *** piety under Trog
  1644 | D:3      | Found an iron altar of Okawaru.
  2017 | D:3      | Reached skill level 7 in Axes
  2017 | D:3      | Reached XP level 5. HP: 26/45 MP: 4/4
  2030 | D:3      | Killed from afar by an orc wizard

Levels and vault maps discovered:
D:1:      dpeg_arrival_rooms_with_view, layout_loops_ring
D:2:      layout_basic, amethyst_overflow_temple_binary,
          overflow_temple_1_default, nemelex_spade_bored_becter, uniq_robin
D:3:      layout_loops_corners, lemuel_crystal_altar, led_sif_book

Skill      XL: |  1  2  3  4 |
---------------+-------------+-----
Axes           | 4 5 7 |  7.3
Fighting       | |  3.6
Armour         | |  2.4
Dodging        | |  2.1

Action                   |  1- 3 |  4- 6 || total
-------------------------+-------+-------++-------
Melee: Hand axe          |    74 |    80 ||   154
       Headbutt          |    11 |    10 ||    21
Invok: Berserk           |     1 |       ||     1
  Use: Scroll            |     5 |     2 ||     7
       Potion            |     5 |     2 ||     7
 Stab: Sleeping          |     2 |       ||     2
  Eat: Chunk             |       |     5 ||     5
Armor: Animal skin       |     5 |       ||     5
       Scale mail        |    26 |    35 ||    61
Dodge: Dodged            |    51 |    28 ||    79
Block: Buckler           |       |     2 ||     2
